 Dungeon Crawl Stone Soup version 0.17-a0-1197-g2d00c63 (webtiles) character file.

125 tinkerttoy the Skirmisher (level 4, -1/37 HPs)
             Began as a Demonspawn Abyssal Knight on June 3, 2015.
             Was a Believer of Lugonu.
             Slain by an orc
             ... wielding a +0 flail
              (5 damage)
             ... on level 2 of the Dungeon.
             The game lasted 00:09:44 (2316 turns).

tinkerttoy the Skirmisher (DsAK)                    Turns: 2316, Time: 00:09:44

Health: -1/37      AC:  3    Str: 12    XL:     4   Next: 82%
Magic:  0/6        EV: 12    Int: 13    God:    Lugonu [**....]
Gold:   94         SH:  0    Dex: 14    Spells: 0 memorised, 3 levels left

rFire  . . .     SeeInvis .     a - +1 spear
rCold  . . .     Clarity  .     b - +0 leather armour
rNeg   . . .     SustAt   .     (no shield)
rPois  .         Gourm    .     (no helmet)
rElec  .         Spirit   +     (no cloak)
rCorr  .         Warding  .     (no gloves)
rMut   .         Stasis   .     (no boots)
MR     .....                    (no amulet)
Stlth  +.........               (no ring)
                                (no ring)

@: not resistant to hostile enchantments, very unstealthy
A: hooves 1, magic shield
a: Depart the Abyss, Bend Space, Renounce Religion


You were on level 2 of the Dungeon.
You worshipped Lugonu.
Lugonu was pleased with you.
You were not hungry.

You visited 1 branch of the dungeon, and saw 3 of its levels.
You visited the Abyss 1 time.

You collected 94 gold pieces.

Inventory:

Hand weapons
 a - a +1 spear (weapon)
Armour
 b - a +0 leather armour (worn)
Jewellery
 m - an uncursed ring of poison resistance {unknown}
Scrolls
 d - a scroll of remove curse {unknown}
 e - a scroll of enchant armour {unknown}
 h - a scroll of blinking {unknown}
 j - a scroll of random uselessness {unknown}
 k - 2 scrolls of fear {unknown}
 n - a scroll of amnesia {unknown}
 o - a scroll of magic mapping {unknown}
Potions
 f - a potion of heal wounds {unknown}
 g - a potion of haste {unknown}
 i - a potion of poison {unknown}
Books
 l - a book of Hinderance

   Spells                             Type                      Level
   a - Confusing Touch                Hexes                        2
   b - Confuse                        Hexes                        3
   c - Gell's Gravitas                Hexes/Translocation          3
   d - Petrify                        Transmutation/Earth          4
   e - Metabolic Englaciation         Hexes/Ice                    5
Comestibles
 c - 3 bread rations
 p - a chunk of flesh


   Skills:
 + Level 4.0 Fighting
 * Level 2.5 Polearms
 + Level 2.3 Armour
 + Level 2.0 Dodging
 + Level 3.0 Invocations


You had 3 spell levels left.
You didn't know any spells.

Dungeon Overview and Level Annotations

Branches:
Dungeon (3/15)

Altars:


Innate Abilities, Weirdness & Mutations

You have large cloven feet.
When hurt, damage is shared between your health and your magic reserves.


Message History

a leather armour x2 a hand axe You hit the orc.
The orc is moderately wounded.
The orc barely misses you.
You hit the orc.
You kill the orc!
Lugonu accepts your kill. The orc misses you.
You closely miss the orc. You kick the orc, but do no damage. You hit the orc.
Your kick misses the orc.
The orc is severely wounded.
The orc closely misses you.
You hit the orc but do no damage. Your kick misses the orc.
The orc is severely wounded.
The orc misses you.
You closely miss the orc.
The orc is severely wounded.
The orc hits you with a flail.
You die...

###.# #.....##.##..
####...##########.....
#....)..# #.#...
#.##.##.# #.#.##
#.##.##.#########.....
#.##.............##.##
#.#####..#...###.##.#
#.#####..#...###.##.#
#>[.o@...#..........#
#########...####.####
###.####.# #......#
########


You could see an orc.

Vanquished Creatures
  Jessica (D:2)
  3 adders (D:2)
  2 oozes (D:2)
  A giant gecko (D:2)
  3 orcs (D:2)
  4 giant cockroaches
  5 hobgoblins
  8 jackals (D:2)
  8 kobolds
  A quokka (D:2)
  A ball python (D:1)
  7 bats
  3 giant newts (D:1)
  6 goblins
  4 rats
57 creatures vanquished.

Notes
Turn   | Place    | Note
--------------------------------------------------------------
     0 | Abyss:1  | tinkerttoy the Demonspawn Abyssal Knight began the quest for the Orb.
     0 | Abyss:1  | Reached XP level 1. HP: 18/18 MP: 2/2
    83 | Abyss:1  | Noticed a great orb of eyes
    83 | D:1      | Escaped the Abyss
   271 | D:1      | Reached skill level 1 in Dodging
   303 | D:1      | Gained mutation: You have large cloven feet. [demonic ancestry]
   303 | D:1      | Reached XP level 2. HP: 14/24 MP: 3/3
   463 | D:1      | Acquired Lugonu's first power
   996 | D:2      | Gained mutation: When hurt, damage is shared between your health and your magic reserves. [demonic ancestry]
   996 | D:2      | Reached XP level 3. HP: 18/29 MP: 5/5
  1298 | D:2      | Acquired Lugonu's second power
  1563 | D:2      | Noticed Jessica
  1608 | D:2      | Killed Jessica
  1608 | D:2      | Reached XP level 4. HP: 8/37 MP: 3/6
  1882 | D:2      | Reached skill level 4 in Fighting
  2316 | D:2      | Slain by an orc

Vault maps used:
D:1:      lemuel_arrival_broad_hall, feat_on_display
D:2:      uniq_jessica
D:3:      zin_angel, nicolae_qazlal_general_emergency
Abyss:1:  evilmike_abyss_exit_14, minivault_24

Action                   |  1- 3 |  4- 6 || total
-------------------------+-------+-------++-------
Melee: Spear             |   182 |    60 ||   242
Invok: Depart the Abyss  |     1 |       ||     1
       Bend Space        |     1 |       ||     1
  Eat: Chunk             |     3 |     2 ||     5
